TOP OF THE 1ST |
Idaho Falls Chukars batting - Pitching for Kennesaw Jets : RHP Yeow-whye Gao
|
Pitching: RHP Yeow-whye Gao
|
|
Batting: SHB Koryusai Ohayashi
|
0-0: Swinging Strike 0-1: Swinging Strike 0-2: Foul Ball, location: 7LSF, Error on foul ball, E7 0-2: Ball 1-2: Foul Ball, location: 2F 1-2: Ball 2-2: DOUBLE (Flyball, 89D, EV 96.2 MPH)
|
Batting: LHB Doyle Berkey
|
0-0: Called Strike 0-1: Ball 1-1: Ball 2-1: Ball 3-1: Base on Balls
|
Batting: RHB Vinnie Nuyten
|
0-0: Fielders Choice at 2nd, 6-4 (Groundball, 56, EV 98.8 MPH) Koryusai Ohayashi to third
|
Batting: RHB César Vélez
|
0-0: Ball 1-0: Ball Vinnie Nuyten steals 2nd base 2-0: Foul Ball, location: 2F 2-1: Ball 3-1: Called Strike 3-2: Foul Ball, location: 2F 3-2: Strikes out swinging
|
Batting: RHB Kel Warren
|
0-0: Ball 1-0: Foul Ball, location: 2F 1-1: Ball 2-1: Ball 3-1: Called Strike 3-2: Foul Ball, location: 2F 3-2: Foul Ball, location: 2F 3-2: Foul Ball, location: 2F 3-2: Fly out, F9 (Flyball, 89M, EV 92.5 MPH)
|
Top of the 1st over - 0 runs, 1 hit, 1 error, 2 left on base; Idaho Falls 0 - Kennesaw 0 |
BOTTOM OF THE 1ST |
Kennesaw Jets batting - Pitching for Idaho Falls Chukars : RHP Javier Soto
|
Pitching: RHP Javier Soto
|
|
Batting: RHB Sasha Orlovsky
|
0-0: Foul Ball, location: 2F 0-1: Called Strike 0-2: Foul Ball, location: 2F 0-2: Ball 1-2: Ball 2-2: Ground out U3 (Groundball, 3, EV 103.1 MPH)
|
Batting: RHB Scipione Borghese
|
0-0: Called Strike 0-1: Ground out U3 (Groundball, 3, EV 85.0 MPH)
|
Batting: LHB Masamune Ueda
|
0-0: Reached on error, E6 (Groundball, 6, EV 78.8 MPH)
|
Batting: RHB Bras Castanheta
|
0-0: Ball 1-0: Swinging Strike 1-1: Ball Masamune Ueda steals 2nd base 2-1: Ball 3-1: Ground out 5-3 (Groundball, 56S, EV 88.8 MPH)
|
Bottom of the 1st over - 0 runs, 0 hits, 1 error, 1 left on base; Idaho Falls 0 - Kennesaw 0 |
TOP OF THE 2ND |
Idaho Falls Chukars batting - Pitching for Kennesaw Jets : RHP Yeow-whye Gao
|
Batting: RHB Poom Saksansin
|
0-0: Called Strike 0-1: Ball 1-1: Ball 2-1: Foul Ball, location: 2F 2-2: Strikes out swinging
|
Batting: SHB Oscar Henson
|
0-0: Ball 1-0: Ball 2-0: Called Strike 2-1: Swinging Strike 2-2: Foul Ball, location: 2F 2-2: Ball 3-2: Base on Balls
|
Batting: SHB Joe Middleton
|
0-0: Called Strike 0-1: Ball 1-1: Called Strike 1-2: Ball 2-2: Strikes out swinging
|
Batting: RHB Javier Botín
|
0-0: SINGLE (Groundball, 6MD, EV 98.1 MPH) Oscar Henson to second
|
Batting: SHB Koryusai Ohayashi
|
0-0: Ball 1-0: Called Strike 1-1: Ball 2-1: Swinging Strike 2-2: Strikes out swinging
|
Top of the 2nd over - 0 runs, 1 hit, 0 errors, 2 left on base; Idaho Falls 0 - Kennesaw 0 |
BOTTOM OF THE 2ND |
Kennesaw Jets batting - Pitching for Idaho Falls Chukars : RHP Javier Soto
|
Batting: RHB Brent Leroy
|
0-0: Ball 1-0: Called Strike 1-1: Ball 2-1: Foul Ball, location: 2F 2-2: Fly out, F9 (Line Drive, 9, EV 103.8 MPH)
|
Batting: LHB Robert Dawson
|
0-0: Called Strike 0-1: Called Strike 0-2: Strikes out looking
|
Batting: RHB Troy Clark
|
0-0: Called Strike 0-1: Called Strike 0-2: Strikes out swinging
|
Bottom of the 2nd over - 0 runs, 0 hits, 0 errors, 0 left on base; Idaho Falls 0 - Kennesaw 0 |
TOP OF THE 3RD |
Idaho Falls Chukars batting - Pitching for Kennesaw Jets : RHP Yeow-whye Gao
|
Batting: LHB Doyle Berkey
|
0-0: Called Strike 0-1: Swinging Strike 0-2: Fly out, F5 (Line Drive, 5, EV 71.2 MPH)
|
Batting: RHB Vinnie Nuyten
|
0-0: Called Strike 0-1: Ball 1-1: Foul Ball, location: 2F 1-2: Strikes out swinging
|
Batting: RHB César Vélez
|
0-0: Ball 1-0: Ball 2-0: Called Strike 2-1: SINGLE (Line Drive, 8LS, EV 96.9 MPH)
|
Batting: RHB Kel Warren
|
0-0: Swinging Strike 0-1: Swinging Strike 0-2: Ball 1-2: Foul Ball, location: 2F 1-2: Ball 2-2: 2-RUN HOME RUN (Flyball, 78XD, EV 97.5 MPH), Distance : 390 ft
|
Batting: RHB Poom Saksansin
|
0-0: Ball 1-0: Foul Ball, location: 2F 1-1: Ball 2-1: Called Strike 2-2: Foul Ball, location: 2F 2-2: Foul Ball, location: 2F 2-2: SINGLE (Flyball, 78S, EV 91.2 MPH)
|
Batting: SHB Oscar Henson
|
0-0: Ball 1-0: Called Strike 1-1: Ball 2-1: Swinging Strike 2-2: Strikes out swinging
|
Top of the 3rd over - 2 runs, 3 hits, 0 errors, 1 left on base; Idaho Falls 2 - Kennesaw 0 |
BOTTOM OF THE 3RD |
Kennesaw Jets batting - Pitching for Idaho Falls Chukars : RHP Javier Soto
|
Batting: LHB Matt Mullen
|
0-0: Called Strike 0-1: Ball 1-1: Foul Ball, location: 2F 1-2: Foul Ball, location: 2F 1-2: Ball 2-2: Ball 3-2: Foul Ball, location: 2F 3-2: Foul Ball, location: 2F 3-2: Fly out, F7 (Flyball, 7, EV 93.1 MPH)
|
Batting: RHB Cees Spaan
|
0-0: Fly out, F8 (Flyball, 8LM, EV 90.6 MPH)
|
Batting: RHB Sasha Orlovsky
|
0-0: Foul Ball, location: 2F 0-1: Ball 1-1: Fly out, F5 (Line Drive, 5, EV 68.8 MPH)
|
Bottom of the 3rd over - 0 runs, 0 hits, 0 errors, 0 left on base; Idaho Falls 2 - Kennesaw 0 |
TOP OF THE 4TH |
Idaho Falls Chukars batting - Pitching for Kennesaw Jets : RHP Yeow-whye Gao
|
Batting: SHB Joe Middleton
|
0-0: Swinging Strike 0-1: Swinging Strike 0-2: Ball 1-2: Strikes out looking
|
Batting: RHB Javier Botín
|
0-0: Ground out 5-3 (Groundball, 5L, EV 91.9 MPH)
|
Batting: SHB Koryusai Ohayashi
|
0-0: Ball 1-0: Swinging Strike 1-1: Swinging Strike 1-2: Strikes out swinging
|
Top of the 4th over - 0 runs, 0 hits, 0 errors, 0 left on base; Idaho Falls 2 - Kennesaw 0 |
BOTTOM OF THE 4TH |
Kennesaw Jets batting - Pitching for Idaho Falls Chukars : RHP Javier Soto
|
Batting: RHB Scipione Borghese
|
0-0: Fly out, F7 (Line Drive, 7D, EV 90.6 MPH)
|
Batting: LHB Masamune Ueda
|
0-0: Ball 1-0: Foul Ball, location: 2F 1-1: Ball 2-1: Ball 3-1: Called Strike 3-2: Foul Ball, location: 2F 3-2: Foul Ball, location: 2F 3-2: Fly out, F6 (Line Drive, 6, EV 63.8 MPH)
|
Batting: RHB Bras Castanheta
|
0-0: Called Strike 0-1: Ground out 5-3 (Groundball, 56, EV 85.6 MPH)
|
Bottom of the 4th over - 0 runs, 0 hits, 0 errors, 0 left on base; Idaho Falls 2 - Kennesaw 0 |
TOP OF THE 5TH |
Idaho Falls Chukars batting - Pitching for Kennesaw Jets : RHP Yeow-whye Gao
|
Batting: LHB Doyle Berkey
|
0-0: Called Strike 0-1: Foul Ball, location: 2F 0-2: Ball 1-2: Strikes out looking
|
Batting: RHB Vinnie Nuyten
|
0-0: Fly out, F8 (Flyball, 8RS, EV 84.4 MPH)
|
Batting: RHB César Vélez
|
0-0: Called Strike 0-1: Ball 1-1: Ball 2-1: Ball 3-1: Ground out 6-3 (Groundball, 6, EV 90.0 MPH)
|
Top of the 5th over - 0 runs, 0 hits, 0 errors, 0 left on base; Idaho Falls 2 - Kennesaw 0 |
BOTTOM OF THE 5TH |
Kennesaw Jets batting - Pitching for Idaho Falls Chukars : RHP Javier Soto
|
Batting: RHB Brent Leroy
|
0-0: Called Strike 0-1: SINGLE (Groundball, 56D, EV 105.0 MPH)
|
Batting: LHB Robert Dawson
|
0-0: Ball Brent Leroy steals 2nd base 1-0: Ball 2-0: Foul Ball, location: 2F 2-1: Swinging Strike 2-2: Strikes out swinging
|
Batting: RHB Troy Clark
|
0-0: Called Strike 0-1: Foul Ball, location: 2F 0-2: Ball 1-2: Ball 2-2: Ground out 6-3 (Groundball, 6, EV 81.9 MPH)
|
Batting: LHB Matt Mullen
|
0-0: Ball 1-0: Called Strike 1-1: Foul Ball, location: 2F 1-2: Fly out, F7 (Line Drive, 7, EV 91.2 MPH)
|
Bottom of the 5th over - 0 runs, 1 hit, 0 errors, 1 left on base; Idaho Falls 2 - Kennesaw 0 |
TOP OF THE 6TH |
Idaho Falls Chukars batting - Pitching for Kennesaw Jets : RHP Yeow-whye Gao
|
Batting: RHB Kel Warren
|
0-0: Ball 1-0: Called Strike 1-1: Swinging Strike 1-2: Ball 2-2: Ball 3-2: Fly out, F8 (Flyball, 78XD, EV 76.9 MPH)
|
Batting: RHB Poom Saksansin
|
0-0: Called Strike 0-1: Swinging Strike 0-2: Ground out 6-3 (Groundball, 6, EV 86.9 MPH)
|
Batting: SHB Oscar Henson
|
0-0: Ball 1-0: Foul Ball, location: 2F 1-1: Swinging Strike 1-2: Strikes out swinging
|
Top of the 6th over - 0 runs, 0 hits, 0 errors, 0 left on base; Idaho Falls 2 - Kennesaw 0 |
BOTTOM OF THE 6TH |
Kennesaw Jets batting - Pitching for Idaho Falls Chukars : RHP Javier Soto
|
Batting: RHB Cees Spaan
|
0-0: Foul Ball, location: 2F 0-1: Fly out, F8 (Flyball, 8RD, EV 105.0 MPH)
|
Batting: RHB Sasha Orlovsky
|
0-0: Called Strike 0-1: Called Strike 0-2: Strikes out swinging
|
Batting: RHB Scipione Borghese
|
0-0: Ball 1-0: Fly out, F7 (Flyball, 7S, EV 84.4 MPH)
|
Bottom of the 6th over - 0 runs, 0 hits, 0 errors, 0 left on base; Idaho Falls 2 - Kennesaw 0 |
TOP OF THE 7TH |
Idaho Falls Chukars batting - Pitching for Kennesaw Jets : RHP Yeow-whye Gao
|
Pitching: RHP Kang-keun Yong
|
|
Batting: SHB Joe Middleton
|
0-0: Fly out, F9 (Flyball, 9S, EV 85.6 MPH)
|
Batting: RHB Javier Botín
|
0-0: Ball 1-0: Ball 2-0: Ball 3-0: Base on Balls
|
Batting: SHB Koryusai Ohayashi
|
0-0: Ball 1-0: Called Strike 1-1: Foul Ball, location: 2F 1-2: Foul Ball, location: 2F 1-2: Strikes out swinging
|
Batting: LHB Doyle Berkey
|
0-0: Foul Ball, location: 2F 0-1: SINGLE (Line Drive, 78S, EV 86.9 MPH) Javier Botín to second
|
Batting: RHB Vinnie Nuyten
|
0-0: Swinging Strike 0-1: Foul Ball, location: 2F 0-2: Foul Ball, location: 2F 0-2: Fly out, F9 (Line Drive, 9, EV 89.4 MPH)
|
Top of the 7th over - 0 runs, 1 hit, 0 errors, 2 left on base; Idaho Falls 2 - Kennesaw 0 |
BOTTOM OF THE 7TH |
Kennesaw Jets batting - Pitching for Idaho Falls Chukars : RHP Javier Soto
|
Batting: LHB Masamune Ueda
|
0-0: Called Strike 0-1: Foul Ball, location: 2F 0-2: Ground out 4-3 (Groundball, 4, EV 85.0 MPH)
|
Batting: RHB Bras Castanheta
|
0-0: Called Strike 0-1: Foul Ball, location: 2F 0-2: Ball 1-2: Ball 2-2: Fly out, F8 (Line Drive, 8LD, EV 91.9 MPH)
|
Batting: RHB Brent Leroy
|
0-0: Swinging Strike 0-1: Ball 1-1: Ball 2-1: Foul Ball, location: 2F 2-2: Ball 3-2: Foul Ball, location: 2F 3-2: SINGLE (Flyball, 9LM, EV 96.9 MPH)
|
Batting: LHB Robert Dawson
|
0-0: Ball 1-0: Ball 2-0: Called Strike 2-1: SINGLE (Groundball, 4D, EV 94.4 MPH) Brent Leroy to second Runner from 2nd tries for 3rd, SAFE, no throw by CF
|
Pinch Hitting: SHB Obke Preesman
|
0-0: Called Strike 0-1: Swinging Strike 0-2: Ball 1-2: Ball 2-2: Strikes out swinging
|
Bottom of the 7th over - 0 runs, 2 hits, 0 errors, 2 left on base; Idaho Falls 2 - Kennesaw 0 |
TOP OF THE 8TH |
Idaho Falls Chukars batting - Pitching for Kennesaw Jets : RHP Kang-keun Yong
|
Now in RF: Obke Preesman
|
|
Batting: RHB César Vélez
|
0-0: Called Strike 0-1: Ball 1-1: Ball 2-1: Ball 3-1: Base on Balls
|
Batting: RHB Kel Warren
|
0-0: Ball 1-0: Called Strike 1-1: Foul Ball, location: 2F 1-2: Ball 2-2: Ball 3-2: SINGLE (Groundball, 6MD, EV 96.9 MPH) César Vélez to second César Vélez to third
|
Batting: RHB Poom Saksansin
|
0-0: Ball 1-0: Called Strike 1-1: Grounds into double play, 6-4-3 (Groundball, 6, EV 84.4 MPH) César Vélez scores
|
Batting: SHB Oscar Henson
|
0-0: Ball 1-0: Called Strike 1-1: Fly out, F8 (Line Drive, 8LM, EV 90.0 MPH)
|
Top of the 8th over - 1 run, 1 hit, 0 errors, 0 left on base; Idaho Falls 3 - Kennesaw 0 |
BOTTOM OF THE 8TH |
Kennesaw Jets batting - Pitching for Idaho Falls Chukars : RHP Javier Soto
|
Now at 2B: Muoi Hoan
|
|
Batting: LHB Matt Mullen
|
0-0: Foul Ball, location: 2F 0-1: Foul Ball, location: 2F 0-2: Ball 1-2: Fly out, F7 (Line Drive, 7, EV 91.9 MPH)
|
Batting: RHB Cees Spaan
|
0-0: Ground out U3 (Groundball, 3, EV 93.1 MPH)
|
Batting: RHB Sasha Orlovsky
|
0-0: Foul Ball, location: 2F 0-1: Foul Ball, location: 2F 0-2: Fly out, F7 (Line Drive, 7, EV 88.1 MPH)
|
Bottom of the 8th over - 0 runs, 0 hits, 0 errors, 0 left on base; Idaho Falls 3 - Kennesaw 0 |
TOP OF THE 9TH |
Idaho Falls Chukars batting - Pitching for Kennesaw Jets : RHP Kang-keun Yong
|
Batting: SHB Joe Middleton
|
0-0: Called Strike 0-1: Fly out, F9 (Flyball, 9S, EV 86.9 MPH)
|
Batting: RHB Javier Botín
|
0-0: Ground out 5-3 (Groundball, 56, EV 76.9 MPH)
|
Batting: SHB Koryusai Ohayashi
|
0-0: Called Strike 0-1: Called Strike 0-2: Ball 1-2: Foul Ball, location: 2F 1-2: Ball 2-2: Foul Ball, location: 2F 2-2: Foul Ball, location: 2F 2-2: Ground out 1-3 (Groundball, 15S, EV 65.0 MPH)
|
Top of the 9th over - 0 runs, 0 hits, 0 errors, 0 left on base; Idaho Falls 3 - Kennesaw 0 |
BOTTOM OF THE 9TH |
Kennesaw Jets batting - Pitching for Idaho Falls Chukars : RHP Javier Soto
|
Pitching: RHP Gary Podell
|
|
Batting: RHB Scipione Borghese
|
0-0: DOUBLE (Flyball, 89XD, EV 111.9 MPH)
|
Batting: LHB Masamune Ueda
|
0-0: Ball 1-0: Called Strike 1-1: Fly out, F7 (Flyball, 7D, EV 85.6 MPH) Runner from 2nd tags up, SAFE at 3rd, no throw by LF
|
Batting: RHB Bras Castanheta
|
0-0: Called Strike 0-1: Ball 1-1: Foul Ball, location: 2F 1-2: Ball 2-2: Foul Ball, location: 2F 2-2: Fly out, F9 (Flyball, 9, EV 79.4 MPH) Runner from 3rd tags up, SCORES, no throw by RF
|
Batting: RHB Brent Leroy
|
0-0: Ball 1-0: Ball 2-0: Called Strike 2-1: Ball 3-1: Base on Balls
|
Batting: LHB Robert Dawson
|
0-0: Called Strike 0-1: Ball 1-1: Ball 2-1: Ball 3-1: SINGLE (Groundball, 4M, EV 103.8 MPH) Brent Leroy to second
|
Batting: SHB Obke Preesman
|
0-0: Foul Ball, location: 2F 0-1: Ball 1-1: Swinging Strike 1-2: Ball 2-2: Ball 3-2: SINGLE (Groundball, 4MD, EV 98.8 MPH) Brent Leroy to third Robert Dawson to second Brent Leroy scores Robert Dawson to third
|
Pinch Hitting: RHB Adam Wiltern
|
0-0: Called Strike 0-1: Swinging Strike 0-2: Strikes out swinging
|
Bottom of the 9th over - 2 runs, 3 hits, 0 errors, 2 left on base; Idaho Falls 3 - Kennesaw 2 |
|